 Seeded DCSS version 0.29.1-1-gd02db6906a (webtiles) character file.

Game seed: 9708579739092153053 (custom seed)

784 GigaChad the Destroyer (level 7, -2/36 HPs)
             Began as a Deep Elf Conjurer on Sept 15, 2022.
             Was an Initiate of Sif Muna.
             Slain by an iguana (7 damage)
             ... on level 7 of the Dungeon.
             The game lasted 00:11:32 (4988 turns).

GigaChad the Destroyer (Deep Elf Conjurer)          Turns: 4988, Time: 00:11:32

Health: -2/36      AC:  3    Str:  6    XL:     7   Next: 55%
Magic:  18/19      EV: 13    Int: 27    God:    Sif Muna [......]
Gold:   1449       SH:  5    Dex: 19    Spells: 9/20 levels left

rFire   x . .      SeeInvis .   h - +7 mace of the Maze {spect, rPois Will+ Str+2}
rCold   + . .      Faith    .   (no shield)
rNeg    . . .      Spirit   .   o - +1 robe of Dogmatism {rPois Int+2 Dex+4 Slay-2}
rPois   +          Reflect  +   (no helmet)
rElec   .          Harm     .   (no cloak)
rCorr   .          Rampage  .   (no gloves)
Will    +....                   (no boots)
Stlth   ++........              n - amulet of reflection
HPRegen 0.12/turn               m - ring of Areph {Ice Dex+2}
MPRegen 0.16/turn               (no ring)

@: no status effects
A: no striking features
a: Renounce Religion


You were on level 7 of the Dungeon.
You worshipped Sif Muna.
Sif Muna was noncommittal.
You visited 2 branches of the dungeon, and saw 8 of its levels.

You collected 1449 gold pieces.

Inventory:

Hand Weapons
 h - the +7 mace of the Maze (weapon) {spect, rPois Will+ Str+2}
   (You found it on level 2 of the Dungeon)

   When its wielder attacks, the weapon's spirit leaps out and strikes again.
   The spirit shares a part of any damage it takes with its wielder.
   Str:       It affects your strength (+2).
   rPois:     It protects you from poison.
   Will:      It increases your willpower.
Armour
 a - a +0 robe
 j - a +0 plate armour
 o - the +1 robe of Dogmatism (worn) {rPois Int+2 Dex+4 Slay-2}
   (You found it on level 4 of the Dungeon)

   Int:       It affects your intelligence (+2).
   Dex:       It affects your dexterity (+4).
   Slay:      It affects your accuracy & damage with ranged weapons and melee
   (-2).
   rPois:     It protects you from poison.
Jewellery
 m - the ring of Areph (left hand) {Ice Dex+2}
   (You acquired it on level 3 of the Dungeon)

   [ring of ice]

   It enhances your ice magic.
   Dex:       It affects your dexterity (+2).
   rF:        It makes you vulnerable to fire.
   rC:        It protects you from cold.
 n - an amulet of reflection (around neck)
Scrolls
 c - 3 scrolls of blinking
 e - a scroll of butterflies {unknown}
 f - 2 scrolls of immolation
 i - 2 scrolls of noise
 l - a scroll of fear
 s - a scroll of amnesia {unknown}
Potions
 b - a potion of magic
 d - a potion of resistance {unknown}
 g - a potion of brilliance {unknown}
 k - a potion of haste {unknown}
 p - a potion of degeneration {unknown}
 q - a potion of flight {unknown}


   Skills:
 - Level 2.6 Dodging
 - Level 2.4 Stealth
 - Level 7.1 Spellcasting
 - Level 8.4 Conjurations
 + Level 2.0 Hexes


You had 9 spell levels left.
You knew the following spells:

 Your Spells              Type           Power      Damage    Failure   Level
a - Magic Dart            Conj           100%       1d8       1%          1
b - Searing Ray           Conj           100%       2d8       1%          2
c - Fulminant Prism       Conj/Hex       19%        3d11      7%          4
d - Iskenderun's Mystic   Conj/Tloc      32%        2d8       10%         4

Your spell library contained the following spells:

 Spells                   Type           Power      Damage    Failure   Level
 Dazzling Flash           Conj/Hex       76%        N/A       1%          3


Dungeon Overview and Level Annotations

Branches:
Dungeon (7/15)             Temple (1/1) D:6

Altars:
Ashenzari
Dithmenos
Fedhas
Gozag
Hepliaklqana
Makhleb
Okawaru
Sif Muna
Xom
Zin
The Shining One

Annotations:
D:5 3 runed translucent doors, vvl's ghost, novice DsVM


Message History

The magic dart hits the orc wizard but does no damage.
The orc wizard is lightly wounded.
The magic dart hits the orc wizard.
The orc wizard is moderately wounded.
An orc comes into view. It is wielding a +0 dagger.
The orc wizard gestures at you while chanting.
You are confused.
An iguana comes into view.
You're too confused to cast spells.
You're too confused to cast spells.
You're too confused to cast spells.
You're too confused to cast spells.
Unknown command.
The orc wizard gestures wildly while chanting.
The orc wizard flickers and vanishes!
Deactivating autopickup; reactivate with Ctrl-A.
The iguana bites you!
You bump into the rock wall.
The iguana bites you.
You feel less confused. The iguana misses you.
The iguana attacks as you move away! The iguana closely misses you.
You barely miss the iguana. The iguana barely misses you.
The iguana closely misses you.
You closely miss the iguana. The iguana bites you.
* * * LOW HITPOINT WARNING * * *
You hit the iguana.
The iguana is lightly wounded.
The iguana barely misses you.
You hit the iguana.
The iguana is moderately wounded.
The iguana closely misses you. The iguana bites you.
* * * LOW HITPOINT WARNING * * *
You thump the iguana!
The iguana is almost dead.
The iguana misses you.
You closely miss the iguana.
The iguana is almost dead.
The iguana bites you but does no damage.
The iguana bites you!
You die... #.
Do#

.. #.#
#.###.#
##.#....o####
...........D#
####.######o#
# #{# #l# #@#
### #.# #..
#.# # ##.#
#.#
.###.#####
#.#
.)#......#
#.#
#..#####.#
#.# #.## #.#
#.# #.# #.#
#.#


You could see a steam dragon, an iguana and an orc wizard.

Vanquished Creatures
  A black bear (D:6)
  A necrophage (D:5)
  3 scorpions
  2 jellies
  An orc priest (D:3)
  2 hounds
  3 iguanas
  3 orc wizards
  Robin (D:4)
  6 adders
  An ufetubus (D:5)
  A worm (D:4)
  2 dart slugs
  12 orcs
  4 ball pythons
  2 bats
  3 endoplasms
  3 giant cockroaches
  14 goblins
  6 hobgoblins
  8 jackals
  A quokka (D:6)
  A frilled lizard (D:3)
  3 kobolds
  A rat (D:1)
85 creatures vanquished.

Notes
Turn   | Place    | Note
-------+----------+-------------------------------------------
     0 | D:1      | GigaChad the Deep Elf Conjurer began the quest for the Orb.
     0 | D:1      | Reached XP level 1. HP: 10/10 MP: 6/6
   374 | D:1      | Found a faded altar of an unknown god.
   471 | D:1      | Reached XP level 2. HP: 15/15 MP: 6/8
   786 | D:1      | Reached skill level 5 in Conjurations
  1038 | D:2      | Identified the +7 mace of the Maze {spect, rPois Will+
                  | Str+2}
  1183 | D:3      | Reached XP level 3. HP: 19/19 MP: 7/10
  1232 | D:3      | Identified 3 scrolls of acquirement
  1232 | D:3      | Acquired an amulet of reflection
  1239 | D:3      | Acquired 1318 gold pieces
  1241 | D:3      | Acquired the ring of Areph {Ice Dex+2}
  1418 | D:3      | Reached skill level 5 in Spellcasting
  1427 | D:3      | Reached XP level 4. HP: 24/24 MP: 0/13
  1790 | D:4      | Noticed a scorpion
  1798 | D:4      | Killed a scorpion
  1799 | D:4      | Reached XP level 5. HP: 20/28 MP: 9/16
  2107 | D:4      | Learned a level 2 spell: Searing Ray
  2112 | D:4      | Learned a level 4 spell: Fulminant Prism
  2117 | D:4      | Learned a level 4 spell: Iskenderun's Mystic Blast
  2149 | D:4      | Noticed Robin
  2163 | D:4      | Killed Robin
  2529 | D:4      | Identified the +1 robe of Dogmatism {rPois Int+2 Dex+4
                  | Slay-2}
  2856 | D:4      | Reached XP level 6. HP: 32/32 MP: 12/18
  2925 | D:4      | Reached skill level 6 in Conjurations
  3228 | D:5      | Entered Level 5 of the Dungeon
  3258 | D:5      | Found a runed translucent gate.
  3259 | D:5      | Found a runed translucent gate.
  3260 | D:5      | Found a runed translucent gate.
  3261 | D:5      | Noticed vvl's ghost (novice DsVM)
  3387 | D:5      | Reached skill level 7 in Conjurations
  3482 | D:5      | Reached XP level 7. HP: 33/36 MP: 15/19
  4007 | D:6      | Reached skill level 8 in Conjurations
  4318 | D:6      | Found a staircase to the Ecumenical Temple.
  4336 | Temple   | Entered the Ecumenical Temple
  4341 | Temple   | Became a worshipper of Sif Muna the Loreminder
  4694 | D:7      | Reached skill level 1 in Hexes
  4967 | D:7      | Noticed a steam dragon
  4988 | D:7      | Slain by an iguana

Illustrated notes

Levels and vault maps discovered:
D:1:      matt_arrival_spirals, layout_loops_ring,
          chequers_ecumenical_altar_island, chequers_serial_rivers_room_b,
          minmay_misc_feat_nine_boxes
D:2:      layout_basic, chequers_serial_rivers_small_3
D:3:      layout_loops_ring
D:4:      layout_loops_corners, kennysheep_generic_room_5, uniq_robin
D:5:      kennysheep_kobold_camp, layout_cave_pools,
          gammafunk_ghost_nasty_kobolds, nicolae_fountain_basement
D:6:      minmay_evil_eye, layout_loops_ring, jmf_multi_god_temple2,
          temple_statues, gup_sewer_entry_bubbles, uniq_grinder, uniq_eustachio
D:7:      layout_loops_ring, worms_lemuel, uniq_prince_ribbit1
Temple:   hellmonk_temple_two_chambers

Skill      XL: |  1  2  3  4  5  6  7 |
---------------+----------------------+-----
Conjurations   | 5 7 8 |  8.4
Spellcasting   | 5 7 |  7.1
Hexes          | 2 |  2.0
Dodging        | |  2.6
Stealth        | |  2.4

Action                   |  1- 3 |  4- 6 |  7- 9 || total
-------------------------+-------+-------+-------++-------
Melee: Unarmed           |    13 |       |       ||    13
       Punch             |     1 |       |       ||     1
       Mace              |     1 |    18 |    13 ||    32
 Cast: Magic Dart        |    64 |   105 |    33 ||   202
       Searing Ray       |       |     1 |       ||     1
  Use: Scroll            |     3 |     3 |     3 ||     9
 Stab: Sleeping          |       |     1 |       ||     1
Armor: Robe              |     4 |     3 |     2 ||     9
Dodge: Dodged            |    15 |    42 |    19 ||    76
Block: Other             |       |    19 |     5 ||    24
       Reflection        |       |     1 |       ||     1
